 Dungeon Crawl Stone Soup version 0.31-a0-1576-ga3383bade6 (webtiles) character file.

Game seed: 9890938127906395435

3836 Borgoz the Trooper (level 10, -9/64 HPs)
             Began as a Gargoyle Fighter on Jan 4, 2024.
             Mangled by an orc knight
             ... wielding a +0 war axe
              (12 damage)
             ... in a bailey.
             The game lasted 00:15:17 (6949 turns).

Borgoz the Trooper (Gargoyle Fighter)               Turns: 6949, Time: 00:15:18

Health: -9/64      AC: 24    Str: 22    XL:     10   Next: 18%
Magic:  16/16      EV:  6    Int:  9    God:
Gold:   434        SH:  8    Dex: 11    Spells: 17/17 levels left

rFire   . . .        a - +3 hammer (protect)
rCold   . . .        g - +0 kite shield
rNeg    + . .        s - +0 plate armour
rPois   ∞            m - +0 helmet
rElec   +            z - +1 cloak
rCorr   .            (no gloves)
SInv    .            (no boots)
Will    +....        (no amulet) Stlth
                     l - ring of willpower
HPRegen 0.30/turn    y - +4 ring of slaying
MPRegen 0.15/turn

%: no passive effects
@: no status effects
A: sickness immunity, AC +7, negative energy resistance 1, electricity
resistance, torment resistance 1, petrification resistance
a: no special abilities


You were in a bailey.
You visited 2 branches of the dungeon, and saw 8 of its levels.
You also visited: Bailey.

You collected 434 gold pieces.

Inventory:

Hand Weapons
 a - a +3 hammer of protection (weapon)
 b - a +1 dire flail of draining
Missiles
 e - a throwing net
Armour
 g - a +0 kite shield (worn)
 m - a +0 helmet (worn)
 s - a +0 plate armour (worn)
 z - a +1 cloak (worn)
Jewellery
 l - a ring of willpower (left hand)
 u - a ring of ice
 y - a +4 ring of slaying (right hand)
Wands
 j - a wand of paralysis (9)
 k - a wand of mindburst (19)
 x - a wand of polymorph (9)
 B - a wand of flame (28)
Scrolls
 f - a scroll of brand weapon {unknown}
 n - 4 scrolls of teleportation
Potions
 c - 2 potions of mutation
 d - a potion of might
 h - 2 potions of attraction
 i - 2 potions of brilliance
 q - 2 potions of haste
 v - 2 potions of magic


   Skills:
 * Level 7.9 Fighting
 * Level 6.8 Maces & Flails
 * Level 7.9 Armour
 + Level 3.6 Dodging
 - Level 5.0 Stealth
 + Level 4.6 Shields
 + Level 4.0 Spellcasting
 + Level 1.9 Evocations


You had 17 spell levels left.
You didn't know any spells.
Your spell library contained the following spells:

 Spells                   Type           Power      Damage    Failure   Level
 Lesser Beckoning         Tloc           2%         N/A       100%        2
 Dazzling Flash           Conj/Hex       2%         N/A       100%        3
 Gell's Gravitas          Tloc           1%         N/A       100%        3
 Mephitic Cloud           Conj/Alch/Air  1%         N/A       100%        3
 Summon Ice Beast         Ice/Summ       1%         N/A       100%        3
 Teleport Other           Tloc           1%         N/A       100%        3
 Animate Dead             Necr           1%         N/A       100%        4
 Borgnjor's Vile Clutch   Necr/Erth      0%         N/A       100%        5
 Curse of Agony           Necr           1%         N/A       100%        5
 Silence                  Hex/Air        0%         N/A       100%        5
 Summon Mana Viper        Hex/Summ       1%         N/A       100%        5
 Death Channel            Necr           0%         N/A       100%        6
 Monstrous Menagerie      Summ           0%         N/A       100%        7


Dungeon Overview and Level Annotations

Branches:
Dungeon (7/15)             Temple (1/1) D:4          Bailey (1/1)

Altars:
Ashenzari
Cheibriados
Dithmenos
Elyvilon
Fedhas
Gozag
Hepliaklqana
Kikubaaqudgha
Makhleb
Nemelex Xobeh
Okawaru
Qazlal
Ru
Sif Muna
Trog
Uskayaw
Vehumet
Wu Jian
Xom
Yredelemnul
Zin
The Shining One

Shops:
D:6 !

Annotations:
Bailey 3 runed translucent doors


Innate Abilities, Weirdness & Mutations

You are immune to sickness and miasma.
Your stone body is resilient. (AC +7)
You are immune to poison.
You resist negative energy. (rN+)
You are resistant to electric shocks. (rElec)
You are resistant to unholy torment.
You are immune to petrification.


Message History

* * * LOW HITPOINT WARNING * * *
Okay, then.
Things that are here:
21 gold pieces; a boomerang The orc knight attacks as it pursues you!
The orc knight hits you but does no damage.
The orc knight attacks as it pursues you!
The orc knight hits you with a +0 war axe.
* * * LOW HITPOINT WARNING * * *
Okay, then.
Okay, then.
Unknown command.
Unknown command.
Unknown command.
Aiming: Paralyse
Press: ? - help, Shift-Dir - straight line, f - orc knight
Aim: an orc knight, wielding a +0 war axe and wearing a +0 scale mail (heavily wounded, chance to affect: 36%)
The orc knight easily resists.
The orc knight hits you but does no damage.
Okay, then.
Hit: a) +3 hammer (protect)
Press: ? - help, Dir - move target, f/p - orc knight
Aim: an orc knight, wielding a +0 war axe and wearing a +0 scale mail (heavily wounded, about 35% to evade your +3 hammer of protection)
Okay, then.
Aiming: Mindburst
Press: ? - help, Shift-Dir - straight line, f/p - orc knight
Aim: an orc knight, wielding a +0 war axe and wearing a +0 scale mail (heavily wounded, chance to affect: 55%)
The orc knight resists with significant effort.
The orc knight hits you but does no damage.
Aiming: Mindburst
Press: ? - help, Shift-Dir - straight line, f/p - orc knight
Aim: an orc knight, wielding a +0 war axe and wearing a +0 scale mail (heavily wounded, chance to affect: 55%)
The orc knight's mind is blasted!
The orc knight hits you but does no damage.
Aiming: Mindburst
Press: ? - help, Shift-Dir - straight line, f/p - orc knight
Aim: an orc knight, wielding a +0 war axe and wearing a +0 scale mail (severely wounded, chance to affect: 55%)
The orc knight resists with significant effort.
The orc knight hits you with a +0 war axe!
You die...

....##.......##....?##
.8...##~~~~~##.......##
......#~~~~~#...8..8.?##
......#~~~~~#.).......!#
.8..(.'.....'.$.......$#
....#########()....8...#
(..##~~~#~~ ####.)....##
.).#~[.....~#~~#.....##
...#g?........~#@...##
).(##8.8...8.8~##o..#
.)..#o.....o..~~+$..#
..(.#....∩....~~+...#
))(.#.........~~+)..#
...##8.8...8.8~##...#
...#~!........~ ....#
...#~).....~#~ .....
...##~~~#~~~## #......


You could see an orc warlord and an orc knight.

Vanquished Creatures
  Pikel (D:6)
  Jeremiah (D:6)
  A wyvern (D:6)
  Eustachio (D:5)
  Edmund (D:4)
  2 water moccasins
  Duvessa (D:5)
  An ice beast (D:6)
  3 orc warriors (Bailey)
  A black bear (D:4)
  A sky beast (D:6)
  An ogre (D:6)
  A phantom (D:6)
  The ghost of Flugslaktarn the Apothecary, an amateur OpAl (D:4)
  A gnoll sergeant (D:5)
  2 scorpions
  Dowan (D:5)
  2 howler monkeys (D:7)
  3 electric eels (D:5)
  3 bombardier beetles
  4 jellies
  Crazy Yiuf (D:5)
  5 orc priests
  2 gnoll boudas (D:5)
  4 hounds
  Ijyb (D:5)
  3 sleepcaps (D:6)
  5 iguanas
  2 orc wizards (D:5)
  15 gnolls
  11 adders
  2 white imps
  2 ufetubi (D:5)
  3 dart slugs
  16 orcs
  8 bats
  11 endoplasms
  7 giant cockroaches
  12 goblins
  5 hobgoblins
  4 jackals (D:1)
  A quokka (D:1)
  9 ball pythons
  4 frilled lizards
  17 kobolds
  7 rats
190 creatures vanquished.

Notes
Turn   | Place    | Note
-------+----------+-------------------------------------------
     0 | D:1      | Borgoz the Gargoyle Fighter began the quest for the Orb.
     0 | D:1      | Reached XP level 1. HP: 14/14 MP: 1/1
   227 | D:1      | Reached XP level 2. HP: 19/19 MP: 2/2
   235 | D:1      | You fall into a shaft and drop 1 floor!
   247 | D:2      | Reached XP level 3. HP: 22/23 MP: 3/3
   549 | D:1      | Reached skill level 1 in Stealth
  1136 | D:2      | Reached XP level 4. HP: 28/29 MP: 5/5
  1607 | D:3      | Reached XP level 5. HP: 26/33 MP: 6/6
  1614 | D:3      | Reached skill level 1 in Spellcasting
  1931 | D:4      | Found a staircase to the Ecumenical Temple.
  1953 | Temple   | Entered the Ecumenical Temple
  2121 | D:4      | Reached skill level 1 in Dodging
  2150 | D:4      | Noticed Edmund
  2165 | D:4      | Killed Edmund
  2166 | D:4      | Reached XP level 6. HP: 19/39 MP: 6/8
  2421 | D:4      | Noticed a black bear
  2423 | D:4      | Noticed a water moccasin
  2571 | D:3      | Killed a water moccasin
  2573 | D:3      | Reached XP level 7. HP: 24/44 MP: 9/9
  2765 | D:4      | Reached skill level 5 in Fighting
  3008 | D:4      | Reached skill level 5 in Armour
  3224 | D:4      | Found a runed translucent gate.
  3224 | D:4      | Found a runed translucent gate.
  3224 | D:4      | Found a runed translucent gate.
  3245 | D:4      | Noticed Flugslaktarn's ghost (amateur OpAl)
  3544 | D:4      | Killed Flugslaktarn's ghost
  3545 | D:4      | Reached XP level 8. HP: 50/50 MP: 11/11
  3599 | D:5      | Entered Level 5 of the Dungeon
  3664 | D:5      | Identified the +4 hammer "Domuv" {venom, *Corrode rN+++
                  | SInv}
  3666 | D:5      | Found a runed translucent door.
  3667 | D:5      | Noticed Crazy Yiuf
  3671 | D:5      | Killed Crazy Yiuf
  3893 | D:5      | Noticed Eustachio
  3920 | D:5      | Killed Eustachio
  3921 | D:5      | Reached skill level 5 in Maces & Flails
  4172 | D:5      | Found a sacrificial altar of Ru.
  4193 | D:5      | Found a transporter.
  4208 | D:5      | Found a transporter.
  4494 | D:5      | Noticed Ijyb
  4517 | D:5      | Killed Ijyb
  4834 | D:5      | Found a broken altar of Ashenzari.
  4834 | D:5      | Found an opulent altar of Gozag.
  4834 | D:5      | Found a hide-covered altar of Uskayaw.
  4836 | D:5      | Found a glowing golden altar of the Shining One.
  4837 | D:5      | Found a white marble altar of Elyvilon.
  4970 | D:5      | Noticed Duvessa
  4970 | D:5      | Noticed Dowan
  4977 | D:5      | Killed Duvessa
  4978 | D:5      | Reached XP level 9. HP: 54/56 MP: 13/13
  4987 | D:5      | Killed Dowan
  5371 | D:6      | Noticed Pikel
  5389 | D:6      | Killed Pikel
  5428 | D:6      | Found Hepsarul's Distillery.
  5473 | D:6      | Reached skill level 5 in Stealth
  5473 | D:6      | Reached skill level 1 in Evocations
  6436 | D:6      | Noticed Jeremiah
  6455 | D:6      | Killed Jeremiah
  6456 | D:6      | Reached XP level 10. HP: 61/64 MP: 15/15
  6562 | D:7      | Identified the +4 scale mail "Moyntu" {Fly Will+ rCorr}
  6779 | D:7      | Found a flagged portal.
  6806 | Bailey   | Entered a bailey
  6811 | Bailey   | Noticed an orc warlord
  6928 | Bailey   | Found a runed translucent gate.
  6928 | Bailey   | Found a runed translucent gate.
  6928 | Bailey   | Found a runed translucent gate.
  6928 | Bailey   | Noticed an orc knight
  6945 | Bailey   | HP: 2/64 [orc knight/+0 war axe (5)]
  6949 | Bailey   | Mangled by an orc knight

Illustrated notes

Levels and vault maps discovered:
D:1:      dpeg_arrival_boxes_within_box, layout_basic, palyth_stone_intersect,
          chequers_serial_rivers_micro_c
D:2:      layout_basic, serial_bayou_pond_b, reono_crystal_passage,
          chequers_serial_rivers_micro_a
D:3:      layout_basic
D:4:      layout_basic, minmay_temple_entry_tees, ebering_ghost_rock_garden,
          nicolae_eternal_life, minmay_fractal_squares_diagonal_5, uniq_edmund
D:5:      gammafunk_steamed_eel, layout_gridville, minitemple,
          uniq_crazy_yiuf_cottage, uniq_duvessa, uniq_eustachio, uniq_ijyb
D:6:      layout_cave_pods, serial_shops, nicolae_shop_getting_attention,
          minmay_increasing_density, uniq_jeremiah, uniq_pikel
D:7:      layout_loops_corners, enter_bailey_6
Temple:   kb_temple_of_zot
Bailey:   bailey_axe_bossmonster_kennysheep, bailey

Skill      XL: |  1  2  3  4  5  6  7  8  9 10 |
---------------+-------------------------------+-----
Stealth        | 1 2 3 4 5 |  5.0
Fighting       | 4 5 6 7 |  7.9
Spellcasting   | 1 2 3 4 |  4.0
Dodging        | 1 2 3 |  3.6
Maces & Flails | 3 4 5 6 |  6.8
Armour         | 4 5 6 7 |  7.9
Shields        | 4 |  4.6
Evocations     | 1 |  1.9

Action                     |  1- 3 |  4- 6 |  7- 9 | 10-12 || total
---------------------------+-------+-------+-------+-------++-------
  Melee: Flail             |   108 |   126 |       |       ||   234
         Dire flail        |       |    44 |    97 |       ||   141
         Mace              |       |       |   293 |    73 ||   366
  Evoke: Wand              |       |       |       |     4 ||     4
    Use: Scroll            |     2 |     2 |    14 |     1 ||    19
         Potion            |       |       |     5 |       ||     5
 Armour: Scale mail        |    78 |    95 |       |       ||   173
         Plate armour      |       |   117 |   592 |    92 ||   801
  Dodge: Dodged            |    62 |   100 |   204 |    30 ||   396
  Block: Buckler           |    23 |    36 |    95 |       ||   154
         Kite shield       |       |       |    55 |    47 ||   102

Table legend: (Time is in decaauts)
 A = Elapsed time spent in this place.
 B = Non-inter-level travel time spent in this place.
 C = Inter-level travel time spent in this place.
 D = Time resting spent in this place.
 E = Time spent auto-exploring this place.
 F = Levels seen in this place.
 G = Mean time per level.
                   A        B        C        D        E       F      G
               +--------+--------+--------+--------+--------+-----+--------+
         Total |   7098 |   6675 |    423 |   1230 |   3729 |   9 |  788.7 |
       Dungeon |   6799 |   6512 |    287 |   1230 |   3673 |   7 |  971.3 |
        Temple |    142 |      6 |    136 |      0 |      0 |   1 |  142.0 |
        Bailey |    156 |    156 |      0 |      0 |     55 |   1 |  156.0 |
               +--------+--------+--------+--------+--------+-----+--------+

Top non-repeatable levels by time:
     D:5: 1599 daAuts
     D:4: 1404 daAuts
     D:6: 1243 daAuts
     D:1: 926 daAuts
     D:3: 751 daAuts
     D:2: 613 daAuts
     D:7: 261 daAuts
  Bailey: 156 daAuts
  Temple: 142 daAuts
